Map: Frost LE

Players

LOCK - Winner!

  • Race: Zerg Zerg
  • League: Gold
  • Spawn Location: 5:00

Fropez

  • Race: Protoss Protoss
  • League: Gold
  • Spawn Location: 1:00

VOD

Have the link to the VOD?

Description

Time

  • Played on: Sept. 12, 2016, 7:10 p.m.
  • Length: 15:08
Show
View Real Time Build Order
Export as new Build Order

LOCK Zerg - Winner!

Build Orders: Hatch First 

Get SALT Encoding   

  12  0:01  Drone  
  13  0:08  Drone  
  14  0:16  Overlord  
  14  0:21  Extractor  
  13  0:24  Drone  
  15  0:35  Drone  
  16  0:51  Hatchery  
  16  0:55  Drone  
  17  0:57  Drone  
  17  1:02  Drone  
  18  1:07  Drone  
  19  1:20  Spawning Pool  
  19  1:23  Extractor  
  17  1:40  Drone  
  17  1:41  Drone x2  
  20  1:57  Overlord  
  20  2:05  Drone  
  20  2:06  Queen  
  20  2:07  Queen  
  25  2:09  Drone  
  26  2:27  Hatchery  
  25  2:32  Overlord  
  25  2:35  Drone  
  26  2:37  Drone  
  26  2:42  Metabolic Boost  
  27  2:50  Zergling x2  
  27  2:51  Zergling x2  
  29  3:05  Drone x3  
  31  3:08  Evolution Chamber  
  31  3:21  Drone x4  
  31  3:22  Overlord  
  31  3:24  Zergling x2  
  31  3:25  Zergling x2  
  37  3:37  Zergling x8  
  37  3:40  Zerg Melee Weapons Level 1  
  41  3:43  Extractor  
  41  3:45  Lair  
  40  3:51  Extractor  
  40  3:54  Queen  
  41  4:03  Drone x3  
  44  4:10  Zergling x2  
  44  4:11  Zergling x10  
  50  4:33  Roach Warren  
  49  4:48  Hatchery  
  48  5:06  Drone  
  50  5:07  Drone  
  50  5:08  Drone  
  50  5:09  Drone x3  
  48  5:33  Drone  
  48  5:34  Drone x4  
  48  5:35  Roach  
  55  5:36  Roach  
  55  5:38  Overlord x2  
  55  5:39  Drone  
  58  6:01  Pneumatized Carapace  
  58  6:06  Hydralisk Den  
  48  6:21  Drone x3  
  48  6:25  Drone x3  
  51  6:34  Drone x2  
  51  6:35  Drone  
  50  6:40  Spore Crawler  
  50  6:45  Hydralisk x2, Roach x3  
  50  6:46  Hydralisk x5  
  68  7:05  Extractor, Zerg Ground Armor Level 1  
  67  7:12  Drone x2  
  67  7:13  Queen  
  71  7:15  Overlord  
  71  7:18  Drone  
  71  7:19  Drone  
  73  7:34  Infestation Pit  
  73  7:35  Baneling Nest  
  71  7:39  Drone x2  
  71  7:40  Drone  
  71  7:41  Drone x2  
  76  7:50  Roach x4  
  84  7:54  Drone  
  84  7:55  Drone  
  86  7:59  Overlord  
  86  8:38  Infestor, Roach x4  
  96  8:42  Overlord x3  
  96  8:47  Hive  
  96  8:51  Overlord x2  
  96  8:57  Spore Crawler  
  96  8:59  Zerg Melee Weapons Level 2  
  96  9:00  Queen, Overseer, Spore Crawler  
  96  9:01  Overseer  
  91  9:11  Hydralisk x2  
  95  9:20  Drone x2  
  87  9:46  Zergling x2  
  87  9:47  Zergling x14  
  87  9:48  Zergling x2  
  87  9:51  Drone  
  97  9:54  Spore Crawler  
  94  10:01  Drone  
  94  10:02  Drone x4  
  94  10:04  Extractor  
  94  10:06  Extractor  
  97  10:10  Ultralisk Cavern  
  96  10:14  Drone x2  
  92  10:58  Spire  
  91  11:10  Spore Crawler  
  88  11:41  Drone x3  
  88  11:42  Drone x2  
  88  11:44  Ultralisk x2  
  88  11:45  Ultralisk  
  109  12:08  Hatchery  
  93  12:22  Ultralisk  
  93  12:23  Ultralisk x2, Roach x2  
  101  12:36  Hydralisk  
  91  12:37  Hydralisk x2  
  96  12:48  Overlord  
  96  12:49  Overlord x2  
  96  12:53  Chitinous Plating  
  96  13:12  Hydralisk Den  
  95  13:21  Spore Crawler  
  95  13:25  Drone x6  
  100  13:28  Overlord x4  
  100  13:33  Zergling x4  
  96  13:49  Hydralisk  
  96  13:50  Hydralisk  
  94  14:09  Zergling x20  
  89  14:31  Corruptor, Spore Crawler  
  88  14:32  Corruptor x2  
  94  14:46  Spore Crawler  
Show
View Real Time Build Order
Export as new Build Order

Fropez Protoss 

Build Orders:  

Get SALT Encoding   

  12  0:01  Probe (Chrono Boost)  
  13  0:15  Pylon  
  13  0:17  Probe (Chrono Boost)  
  14  0:33  Gateway  
  15  0:43  Probe (Chrono Boost)  
  15  0:50  Assimilator  
  15  0:53  Probe (Chrono Boost)  
  16  1:01  Pylon  
  16  1:04  Probe (Chrono Boost)  
  17  1:14  Probe (Chrono Boost)  
  18  1:25  Pylon  
  18  1:40  Gateway  
  18  1:42  Gateway  
  18  1:46  Cybernetics Core  
  18  1:59  Pylon, Probe (Chrono Boost)  
  19  2:10  Probe (Chrono Boost)  
  20  2:23  Warp Gate (Chrono Boost)  
  20  2:25  Mothership Core (Chrono Boost)  
  22  2:44  Nexus  
  22  2:46  Probe (Chrono Boost)  
  23  3:06  Probe (Chrono Boost), Stargate  
  24  3:12  Assimilator  
  24  3:18  Adept  
  26  3:23  Adept  
  26  3:25  Probe  
  29  3:43  Probe  
  29  3:46  Adept  
  32  3:48  Adept  
  34  4:07  Assimilator  
  34  4:09  Assimilator  
  34  4:19  Oracle (Chrono Boost)  
  34  4:23  Pylon  
  37  4:28  Probe  
  37  4:29  Probe  
  39  4:43  Probe x2  
  39  4:45  Twilight Council  
  41  4:50  Adept  
  41  4:51  Adept  
  45  4:55  Probe x2  
  47  5:05  Oracle (Chrono Boost)  
  50  5:32  Stalker x3  
  56  5:38  Blink  
  56  5:46  Pylon, Forge  
  56  5:49  Probe  
  57  5:55  Probe  
  55  6:32  Stalker x3  
  58  6:39  Pylon  
  58  6:41  Pylon  
  58  6:44  Pylon  
  58  6:49  Probe x2  
  58  6:50  Pylon  
  58  6:51  Void Ray (Chrono Boost)  
  64  6:58  Protoss Ground Weapons Level 1 (Chrono Boost)  
  64  7:23  Void Ray  
  64  7:28  Stalker x2  
  72  7:38  Probe x2  
  74  7:50  Probe  
  75  8:00  Void Ray  
  75  8:01  Probe  
  76  8:11  Nexus  
  80  8:17  Pylon  
  80  8:20  Probe  
  80  8:21  Probe  
  82  8:41  Stalker x3  
  84  8:42  Probe x2  
  84  8:43  Void Ray  
  94  9:20  Void Ray  
  94  9:21  Probe  
  97  9:46  Stalker x3  
  97  9:51  Probe  
  103  9:55  Gateway x2  
  100  10:03  Gateway  
  100  10:04  Gateway  
  104  10:20  Stalker x2  
  104  10:21  Stalker  
  106  11:08  Nexus  
  106  11:10  Pylon x2  
  106  11:14  Assimilator  
  106  11:17  Assimilator  
  106  11:18  Pylon  
  106  11:26  Probe  
  106  11:28  Probe  
  106  11:32  Pylon  
  104  11:36  Charge, Protoss Ground Weapons Level 2 (Chrono Boost)  
  104  11:37  Probe  
  105  11:40  Probe, Gateway  
  105  11:42  Gateway  
  106  11:47  Gateway  
  106  11:48  Stalker  
  106  11:49  Stalker  
  106  11:50  Pylon  
  110  11:58  Stalker  
  110  11:59  Stalker  
  114  12:08  Zealot x3  
  96  12:27  Stalker  
  96  12:28  Stalker x5  
  94  12:38  Probe  
  94  12:40  Probe  
  94  12:43  Pylon  
  92  12:44  Assimilator  
  92  12:45  Assimilator  
  88  13:07  Probe  
  88  13:08  Probe  
  88  13:09  Mothership Core  
  92  13:17  Probe  
  93  13:20  Probe  
  93  13:26  Templar Archives  
  94  13:32  Zealot x5  
  94  13:33  Zealot  
  84  14:05  Zealot x6  
  81  14:12  Stalker x2  
  48  14:38  High Templar x4  
  49  14:39  High Templar x3  
  59  14:46  Archon x3  
Tags
 
League
GoldGold
Matchup
PvZ
Replay Pack
All Mines
Spawn Locations
Close Positions
Add a new tag
Caveats
  • Supply blocks, unpowered buildings, or Contaminate may cause inaccurate times.
  • Supply counts are checked every 10 seconds.